 Dungeon Crawl Stone Soup version 0.16.1-30-g34a7ffa (webtiles) character file.

241 Krapule the Twirler (level 5, -1/42 HPs)
             Began as a Demonspawn Gladiator on June 18, 2015.
             Slain by an ogre
             ... wielding a +0 giant spiked club
              (23 damage)
             ... on level 4 of the Dungeon.
             The game lasted 00:14:22 (3817 turns).

Krapule the Twirler (Demonspawn Gladiator)          Turns: 3817, Time: 00:14:22

Health: -1/42      AC:  5    Str: 17    XL:     5   Next: 80%
Magic:  5/5        EV: 13    Int:  9    God:
Gold:   151        SH:  0    Dex: 13    Spells: 0 memorised, 4 levels left

rFire  . . .     SeeInvis .     a - +0 quarterstaff
rCold  . . .     Clarity  +     b - +0 leather armour
rNeg   . . .     SustAb   .     (no shield)
rPois  .         Gourm    .     c - +0 helmet (curse)
rElec  .         Spirit   .     (no cloak)
rCorr  .         Warding  .     (no gloves)
rMut   .         Stasis   .     (no boots)
MR     .....                    m - amulet of clarity
Stlth  +.........               (no ring)
                                (no ring)

@: not resistant to hostile enchantments, very unstealthy
A: talons 1, icy blue scales 1
a: no special abilities


You were on level 4 of the Dungeon.
You were very hungry.

You visited 1 branch of the dungeon, and saw 4 of its levels.
You also visited: Ossuary.

You collected 151 gold pieces.

Inventory:

Hand weapons
 a - a +0 quarterstaff (weapon)
Missiles
 d - 4 throwing nets (quivered)
Armour
 b - a +0 leather armour (worn)
 c - a cursed +0 helmet (worn)
Jewellery
 m - an amulet of clarity (around neck)
 q - a cursed -2 ring of dexterity {unknown}
 x - an uncursed amulet of stasis {unknown}
Scrolls
 e - 2 scrolls of fear
 h - 4 scrolls of identify
 l - a scroll of noise {unknown}
 n - 2 scrolls of enchant armour {unknown}
 o - 5 scrolls of remove curse {unknown}
 r - a scroll of teleportation {unknown}
 v - 2 scrolls of fog {unknown}
 y - a scroll of amnesia {unknown}
 z - a scroll of immolation {unknown}
 A - a scroll of magic mapping {unknown}
Potions
 g - 2 potions of curing
 i - 2 potions of heal wounds {unknown}
 j - a potion of haste {unknown}
 p - a potion of degeneration {unknown}
 s - a potion of magic {unknown}
 t - a potion of cancellation {unknown}
 u - 2 potions of restore abilities {unknown}
 w - 3 potions of poison {unknown}
 B - a potion of mutation {unknown}
Comestibles
 f - a bread ration
 k - 4 meat rations


   Skills:
 + Level 3.7 Fighting
 - Level 4.0 Staves
 - Level 2.0 Throwing
 + Level 2.2 Armour
 + Level 3.2 Dodging


You had 4 spell levels left.
You didn't know any spells.

Dungeon Overview and Level Annotations

Branches:
Dungeon (4/15)
 Temple: D:4-7

Altars:
Elyvilon


Innate Abilities, Weirdness & Mutations

You have sharp toenails.
You are partially covered in icy blue scales (AC +1).


Message History

The big kobold zombie barely misses you.
You sock the big kobold zombie!
You destroy the big kobold zombie!
No target in view!
No target in view!
There is an open door here.
There is an open door here.
There is an open door, spattered with blood here.
There is an open door here.
There is a gate leading back out of this place here.
Welcome back to the Dungeon!
The ogre barely misses you.
There is a collapsed entrance here.
You sock the ogre!
The ogre is moderately wounded.
The ogre hits you with a giant spiked club!!
There is an open door here.
There is a stone staircase leading up here.
The ogre hits you with a giant spiked club!!
Ouch! That really hurt!
You die...

.........# #.#
#.####.#####.### #.........#
#.#####.#.# ##.## #.#.##
#######.#
#.###...####....#####........
#.............#.........#+#
#####...#......<#####...#.#
##.##.......@O....###.###
#.##.......####..'.....+
#..........# #..###.###
####.......# #....#.#
#.......# #....#+# #.......#
#...... ######### #.....#
######


You could see an ogre.

Vanquished Creatures
  A hound (D:4)
  3 big kobold zombies (Ossuary)
  Jessica (D:3)
  A mummy (Ossuary)
  4 adders
  An adder skeleton (D:3)
  An ooze (D:1)
  An orc (D:3)
  5 spectral bats (Ossuary)
  8 gnoll zombies (Ossuary)
  8 hobgoblins
  A jackal (D:2)
  A quokka (D:2)
  4 ball pythons
  7 bats
  A bat simulacrum (Ossuary)
  5 giant cockroaches
  3 giant newts
  5 goblins
  4 goblin simulacra (Ossuary)
  4 goblin zombies (Ossuary)
  5 hobgoblin zombies (Ossuary)
  5 kobolds
  2 kobold simulacra (Ossuary)
  5 kobold zombies (Ossuary)
  2 orc zombies (Ossuary)
  7 rats
  4 rat simulacra (Ossuary)
  4 spectral goblins (Ossuary)
  4 spectral kobolds (Ossuary)
  4 spectral rats (Ossuary)
111 creatures vanquished.

Vanquished Creatures (others)
  A bat simulacrum (Ossuary)
  A gnoll zombie (Ossuary)
  2 orc zombies (Ossuary)
4 creatures vanquished.

Grand Total: 115 creatures vanquished

Notes
Turn   | Place    | Note
--------------------------------------------------------------
     0 | D:1      | Krapule, the Demonspawn Gladiator, began the quest for the Orb.
     0 | D:1      | Reached XP level 1. HP: 16/16 MP: 1/1
   309 | D:1      | Reached skill level 3 in Dodging
   309 | D:1      | Gained mutation: You are partially covered in icy blue scales (AC +1). [demonic ancestry]
   309 | D:1      | Reached XP level 2. HP: 11/22 MP: 2/2
  1029 | D:2      | Gained mutation: You have sharp toenails. [demonic ancestry]
  1029 | D:2      | Reached XP level 3. HP: 28/28 MP: 3/3
  1333 | D:2      | Found a white marble altar of Elyvilon.
  1869 | D:3      | Reached skill level 1 in Armour
  1894 | D:3      | Noticed Jessica
  1904 | D:3      | Killed Jessica
  1904 | D:3      | Reached XP level 4. HP: 26/34 MP: 4/4
  2608 | D:4      | Noticed an ogre
  2660 | D:4      | Reached XP level 5. HP: 33/41 MP: 5/5
  2679 | D:4      | Found a sand-covered staircase.
  2685 | Ossuary  | Entered an ossuary
  3481 | Ossuary  | Reached skill level 4 in Staves
  3817 | D:4      | Slain by an ogre

Action                   |  1- 3 |  4- 6 || total
-------------------------+-------+-------++-------
Melee: Quarterstaff      |   152 |   231 ||   383
  Use: Scroll            |     2 |       ||     2
 Stab: Sleeping          |       |     2 ||     2
  Eat: Chunk             |     3 |     1 ||     4
       Bread ration      |       |     1 ||     1
